AoeStats
← SnK | YSYSMOOO

Arena

507399322Analyzed
3v3 RM · 15d ago on Sep 18, 2026· 28m 28s· 6 players
Game mode
Random Map
Map size
Normal (6 player)
Population
200
Speed
Normal
Resources
Standard
Victory
Conquest
Starting age
Dark Age
Ending age
Imperial Age
RankedLock teamsTeams togetherTeam positionsShared explorationLock speedFull tech treeHidden civsTurbo modeCheats
Victory
Defeat
🇦🇷 Turks · Argentina
1647
+3
🇦🇷 Spanish · Argentina
1075
+21
🇦🇷 Slavs · Argentina
1017
+23
🇦🇷 Hindustanis · Argentina
1258
-16
🇦🇷 Saracens · Argentina
1238
-16
🇦🇷 Vietnamese · Argentina
1228
-15
Guiniote
9:45 Feudal Age
10:32 Double-Bit Axe
12:48 Forging
12:34 Fletching
19:21 Wheelbarrow
22:17 Castle Age
20:40 Padded Archer Armor
21:41 Horse Collar
21:54 Gold Mining
23:30 Bow Saw
24:24 Heavy Plow
24:59 Loom
26:24 Redemption
25:47 Crossbowman
26:24 Bodkin Arrow
Manny_calavera
11:15 Feudal Age
15:06 Castle Age
13:40 Double-Bit Axe
13:58 Horse Collar
16:03 Bow Saw
17:48 Heavy Plow
19:45 Wheelbarrow
20:43 Sanctity
20:38 Fervor
23:20 Hand Cart
24:41 Gold Mining
25:58 Scale Barding Armor
26:04 Forging
28:55 Imperial Age
26:17 Loom
26:18 Town Watch
27:44 Chain Barding Armor
28:04 Iron Casting
28:21 Grand Trunk Road
Aldeano inactivo #32
9:15 Feudal Age
9:50 Double-Bit Axe
11:32 Fletching
20:09 Castle Age
SnK | YSYSMOOO
10:47 Feudal Age
9:42 Loom
14:25 Castle Age
12:42 Double-Bit Axe
20:18 Padded Archer Armor
20:51 Horse Collar
25:12 Wheelbarrow
25:10 Bow Saw
27:54 Heavy Plow
SnK MaTyYkai9z
0:50 Loom
13:07 Feudal Age
15:04 Double-Bit Axe
18:09 Castle Age
21:47 Padded Archer Armor
23:57 Horse Collar
SnK | ARAÑA
11:09 Feudal Age
14:03 Loom
16:50 Castle Age
23:31 Fletching
25:22 Double-Bit Axe
26:17 Horse Collar
28:11 Wheelbarrow
Connection lost

Rejoining the realm…

Still unreachable

The connection could not be restored.

Session expired

The server has moved on; the page needs a fresh start.